 Dungeon Crawl Stone Soup version 0.29.1-15-g9cfb28693d (webtiles) character file.

Game seed: 14244083514571444478

1009 xakonel the Conjurer (level 8, -4/57 HPs)
             Began as a Pale Draconian Conjurer on Mar 10, 2023.
             Was a Follower of Cheibriados.
             Shot with an arrow by a centaur (7 damage)
             ... on level 5 of the Dungeon.
             The game lasted 00:17:46 (5829 turns).

xakonel the Conjurer (Pale Draconian Conjurer)      Turns: 5829, Time: 00:17:46

Health: -4/57      AC:  6    Str: 13    XL:     8   Next: 1%
Magic:  5/17       EV: 12    Int: 23    God:    Cheibriados [*.....]
Gold:   326        SH:  0    Dex: 13    Spells: 12/19 levels left

rFire   . . .      SeeInvis +   (no weapon)
rCold   . . .      Faith    .   (no shield)
rNeg    . . .      Spirit   .   (body armour unavailable)
rPois   .          Reflect  .   (helmet restricted)
rElec   .          Harm     .   (no cloak)
rCorr   .          Rampage  .   (no gloves)
Will    .....                   (no boots)
Stlth   ++........              (no amulet)
HPRegen 0.19/turn               f - ring of see invisible
MPRegen 0.15/turn               (no ring)

@: very slow
A: breathe steam, AC +6, unfitting armour, cold-blooded, steam resistance
a: Breathe Steam, Renounce Religion, Bend Time


You were on level 5 of the Dungeon.
You worshipped Cheibriados.
Cheibriados was aware of your devotion.
You visited 2 branches of the dungeon, and saw 7 of its levels.

You collected 326 gold pieces.

Inventory:

Missiles
 a - 2 throwing nets
Jewellery
 f - a ring of see invisible (left hand)
Scrolls
 b - a scroll of enchant armour
 e - a scroll of noise
 g - a scroll of enchant weapon
 h - a scroll of immolation
 k - 2 scrolls of poison
 o - 3 scrolls of blinking
 p - a scroll of silence {unknown}
Potions
 c - 2 potions of cancellation
 d - a potion of brilliance {unknown}
 i - 2 potions of flight
 l - 2 potions of mutation {unknown}
 n - a potion of ambrosia {unknown}


   Skills:
 - Level 1.7 Dodging
 - Level 1.7 Stealth
 + Level 6.0 Spellcasting
 + Level 7.4 Conjurations
 + Level 2.9 Invocations


You had 12 spell levels left.
You knew the following spells:

 Your Spells              Type           Power      Damage    Failure   Level
a - Magic Dart            Conj           100%       1d8       1%          1
b - Searing Ray           Conj           82%        2d7       1%          2
c - Iskenderun's Mystic   Conj/Tloc      23%        2d6       19%         4

Your spell library contained the following spells:

 Spells                   Type           Power      Damage    Failure   Level
 Static Discharge         Conj/Air       23%        3-6/arc   2%          2
 Dazzling Flash           Conj/Hex       46%        N/A       5%          3
 Fulminant Prism          Conj/Hex       11%        3d9       19%         4
 Sticky Flame             Conj/Fire      23%        2d4       19%         4
 Dispel Undead            Necr           6%         3d8       63%         4


Dungeon Overview and Level Annotations

Branches:
Dungeon (6/15)             Temple (1/1) D:4

Altars:
Ashenzari
Cheibriados
Dithmenos
Elyvilon
Fedhas
Hepliaklqana
Kikubaaqudgha
Nemelex Xobeh
Okawaru
Qazlal
Ru
Trog
Uskayaw
Wu Jian
Zin
The Shining One

Shops:
D:4 *


Innate Abilities, Weirdness & Mutations

You can breathe blasts of scalding, opaque steam.
Your pale cyan-grey scales are hard. (AC +6)
You cannot fit into any form of body armour.
You are cold-blooded and may be slowed by cold attacks.
You are immune to the effects of steam.


Message History

You see here a +0 dagger.
Casting: Searing Ray (safe; 1% risk of failure)
Confirm with . or Enter, or press ? or * to list all spells.
Aiming: Searing Ray (safe; 1% risk of failure)
Press: ? - help, Shift-Dir - straight line, f - centaur
Aim: a centaur (89% to hit)
The searing ray hits the centaur but does no damage. (Press . to maintain the ray.)
The iguana hisses angrily.
The centaur hits you but does no damage.
The centaur kicks you.
The searing ray hits the centaur!
The centaur is moderately wounded.
The centaur hits you. The centaur kicks you. The centaur hits you.
The centaur barely misses you.
The searing ray hits the centaur.
The centaur is heavily wounded.
The centaur hits you but does no damage.
The centaur closely misses you.
The searing ray misses the centaur.
You finish channelling your searing ray.
The centaur completely misses you. The centaur barely misses you.
The centaur hits you. The centaur closely misses you.
The centaur wields a +0 shortbow.
The centaur shoots an arrow.
The arrow hits you!
* * * LOW HITPOINT WARNING * * *
Items here: )) [ ††.
The centaur shoots an arrow.
The arrow misses you.
The centaur shoots an arrow.
The arrow hits you!
* * * LOW HITPOINT WARNING * * *
You hear an angry hiss.
You feel better.
The centaur shoots an arrow.
The arrow closely misses you. The iguana closely misses you.
The centaur shoots an arrow.
The arrow hits you.
* * * LOW HITPOINT WARNING * * *
The centaur shoots an arrow.
The arrow barely misses you.
There is a stone staircase leading down here.
You can't go up here!
The iguana closely misses you.
The centaur shoots an arrow.
The arrow hits you!
You die...

##### #@..#
#)l.#
#)c)#######.
#.†.).......
#..[........
#...........
#.......)...
#.........[.
##..........


You could see a centaur and an iguana.

Vanquished Creatures
  Sigmund (D:3)
  A water moccasin (D:6)
  A jelly (D:4)
  4 orc priests
  A gnoll bouda (D:5)
  7 hounds
  2 iguanas (D:4)
  Jessica (D:2)
  An orc wizard (D:5)
  Robin (D:2)
  7 gnolls
  6 adders
  4 dart slugs
  9 orcs
  2 ball pythons
  6 endoplasms
  17 goblins
  11 hobgoblins
  6 kobolds
  3 quokkas
  4 bats
  12 frilled lizards
  5 rats
112 creatures vanquished.

Vanquished Creatures (others)
  3 plants (D:3)
3 creatures vanquished.

Grand Total: 115 creatures vanquished

Notes
Turn   | Place    | Note
-------+----------+-------------------------------------------
     0 | D:1      | xakonel the Draconian Conjurer began the quest for the Orb.
     0 | D:1      | Reached XP level 1. HP: 14/14 MP: 3/3
   339 | D:1      | Reached XP level 2. HP: 20/20 MP: 0/5
  1060 | D:2      | Noticed Robin
  1072 | D:2      | Reached XP level 3. HP: 26/26 MP: 0/7
  1385 | D:1      | Learned a level 2 spell: Searing Ray
  1429 | D:2      | Killed Robin
  1725 | D:2      | Reached XP level 4. HP: 33/33 MP: 1/8
  1732 | D:2      | Reached skill level 5 in Conjurations
  2174 | D:2      | Found an ancient bone altar of Kikubaaqudgha.
  2393 | D:2      | Noticed Jessica
  2395 | D:2      | Killed Jessica
  2630 | D:3      | Reached XP level 5. HP: 38/38 MP: 6/10
  2636 | D:3      | Learned a level 4 spell: Iskenderun's Mystic Blast
  2644 | D:3      | Found a faded altar of an unknown god.
  3240 | D:3      | Noticed Sigmund
  3250 | D:3      | Killed Sigmund
  3251 | D:3      | Reached skill level 6 in Conjurations
  3251 | D:3      | Reached XP level 6. HP: 43/45 MP: 3/12
  3348 | D:3      | Identified the +8 war axe of Ruazy {freeze, rF++ Int+3}
  3946 | D:4      | Found a staircase to the Ecumenical Temple.
  3954 | Temple   | Entered the Ecumenical Temple
  4193 | Temple   | Became a worshipper of Cheibriados the Contemplative
  4210 | D:4      | Found a bloodstained altar of Trog.
  4494 | D:4      | Reached skill level 5 in Spellcasting
  4541 | D:4      | Found a stormy altar of Qazlal.
  4655 | D:4      | Your scales start taking on a pale cyan-grey colour.
  4655 | D:4      | Reached XP level 7. HP: 36/50 MP: 6/14
  4655 | D:4      | Gained mutation: You are immune to the effects of steam.
                  | [Pale Draconian growth]
  4741 | D:4      | Found a hide-covered altar of Uskayaw.
  4875 | D:4      | Reached * piety under Cheibriados
  5208 | D:4      | Reached skill level 1 in Invocations
  5266 | D:4      | Found Zin's Purification Station.
  5273 | D:4      | Found a glowing silver altar of Zin.
  5326 | D:4      | Reached skill level 7 in Conjurations
  5715 | D:4      | You fall into a shaft and drop 2 floors!
  5725 | D:5      | Entered Level 5 of the Dungeon
  5809 | D:5      | Reached XP level 8. HP: 51/57 MP: 11/16
  5828 | D:5      | HP: 2/57 [centaur/arrow (6)]
  5829 | D:5      | Shot with an arrow by a centaur

Illustrated notes

Levels and vault maps discovered:
D:1:      shiori_arrival_oz, layout_rooms
D:2:      layout_basic, basic_altar, uniq_jessica, uniq_robin
D:3:      layout_basic, shapermc_ecumenical_altar_pompeii, serial_glass,
          glass_columns_a, glass_columns_c, minmay_misc_feat_ornament,
          minmay_lizard_king, uniq_sigmund
D:4:      layout_loops_corners, mainiacjoe_overflow_brackets, zin_purify,
          eat_drink_and_be_merry_uskayaw, old_standard_altar,
          minmay_temple_entry_proselytizer, kennysheep_crisscross,
          minmay_statues_item, minmay_starry_boxes
D:5:      minmay_spotlight, layout_basic, uniq_edmund, uniq_menkaure
D:6:      layout_cave_pools
Temple:   jpeg_temple_clearing

Skill      XL: |  1  2  3  4  5  6  7  8 |
---------------+-------------------------+-----
Spellcasting   | 3 4 5 6 |  6.0
Conjurations   | 5 6 7 |  7.4
Invocations    | 2 |  2.9
Dodging        | |  1.7
Stealth        | |  1.7

Action                   |  1- 3 |  4- 6 |  7- 9 || total
-------------------------+-------+-------+-------++-------
Melee: Unarmed           |    32 |    27 |       ||    59
       Tailslap          |     3 |       |       ||     3
       Punch             |     1 |       |       ||     1
 Cast: Magic Dart        |    64 |    76 |    38 ||   178
       Searing Ray       |     2 |    15 |    11 ||    28
 Abil: Breathe Steam     |       |       |     3 ||     3
  Use: Scroll            |     3 |     6 |     2 ||    11
       Potion            |     3 |     1 |     2 ||     6
Armor: Skin              |     9 |    14 |    10 ||    33
Dodge: Dodged            |    33 |    33 |    21 ||    87
